 Dungeon Crawl Stone Soup version 0.27.1-35-g4d5d836560 (webtiles) character file.

Game seed: 15701841564735261632

108798 Delamore the Deadly Accurate (level 16, -3/109 HPs)
             Began as an Octopode Brigand on May 23, 2022.
             Was an Initiate of Gozag.
             Slain by a golden dragon simulacrum (9 damage)
             ... in an ice cave.
             The game lasted 00:52:36 (31570 turns).

Delamore the Deadly Accurate (Octopode Brigand)    Turns: 31570, Time: 00:52:37

Health: -3/109     AC:  7    Str: 23    XL:     16   Next: 50%
Magic:  16/16      EV: 31    Int: 22    God:    Gozag
Gold:   1913       SH:  6    Dex: 26    Spells: 12/15 levels left

rFire    x . .     SeeInvis +   F - +6 rapier of Trauma {vorpal, rPois}
rCold    + + +     Faith    .   H - +0 buckler
rNeg     + + .     Spirit   .   l - +2 hat "Licalea" {Str+2}
rPois    +         Reflect  .   N - amulet "Bamoses" {rC+ Regen+}
rElec    +         Harm     .   e - +4 ring of slaying
rCorr    +         Rampage  .   t - ring of Ehag {*Corrode rPois rC+ Int+6 SInv}
Will     +++..                  n - ring of willpower
Stlth    +++++++...             K - ring "Lickocaz" {rPois rF- rC+ rN++ Str+3}
HPRegen  1.28/turn              m - +4 ring of protection
MPRegen  0.15/turn              U - ring "Fungolen" {rElec rCorr Str+3 Dex+2}
                                W - ring "Kisiusum" {Will+ Int+2 Dex+6 Slay+3}
                                B - ring of Cimuo {rElec EV+4 Str+3 Stlth+}

@: gold aura, studying Throwing
A: almost no armour, amphibious, 8 rings, camouflage 1, gelatinous body 1,
(nimble swimmer 1), tentacles
a: Renounce Religion, Potion Petition, Call Merchant, Bribe Branch


You were in an ice cave.
You worshipped Gozag.
Gozag was most pleased with you.
You visited 5 branches of the dungeon, and saw 26 of its levels.
You also visited: Gauntlet and Ice Cave.

You collected 7364 gold pieces.
You spent 2725 gold pieces at shops.
You paid 2726 gold pieces to Gozag.

Inventory:

Hand Weapons
 F - the +6 rapier of Trauma (weapon) {vorpal, rPois}
   (You bought it in a shop on level 3 of the Dungeon)

   It inflicts extra damage upon your enemies.
   rPois:     It protects you from poison.
Missiles
 c - 29 boomerangs
 f - 581 stones (quivered)
 s - 5 datura-tipped darts
 u - 5 atropa-tipped darts
 J - 5 curare-tipped darts
 P - 32 poisoned darts
 S - a throwing net
 X - 15 javelins
Armour
 l - the +2 hat "Licalea" (worn) {Str+2}
   (You bought it in a shop on level 2 of the Orcish Mines)

   Str:       It affects your strength (+2).
 H - a +0 buckler (worn)
Jewellery
 e - a +4 ring of slaying (left tentacle)
 g - a ring of protection from fire
 m - a +4 ring of protection (on tentacle)
 n - a ring of willpower (on tentacle)
 t - the ring of Ehag (right tentacle) {*Corrode rPois rC+ Int+6 SInv}
   (You found it on level 12 of the Dungeon)

   [ring of protection from cold]

   Int:       It affects your intelligence (+6).
   rC:        It protects you from cold.
   rPois:     It protects you from poison.
   SInv:      It lets you see invisible.
   *Corrode:  It may corrode you when you take damage.
 B - the ring of Cimuo (on tentacle) {rElec EV+4 Str+3 Stlth+}
   (You acquired it on level 14 of the Dungeon)

   [ring of evasion]

   EV:        It affects your evasion (+4).
   Str:       It affects your strength (+3).
   rElec:     It insulates you from electricity.
   Stlth:     It makes you more stealthy.
 K - the ring "Lickocaz" (on tentacle) {rPois rF- rC+ rN++ Str+3}
   (You took it off a deep elf archer on level 12 of the Dungeon)

   [ring of protection from cold]

   Str:       It affects your strength (+3).
   rF:        It makes you vulnerable to fire.
   rC:        It protects you from cold.
   rPois:     It protects you from poison.
   rN:        It greatly protects you from negative energy.
 N - the amulet "Bamoses" (around mantle) {rC+ Regen+}
   (You found it on level 12 of the Dungeon)

   [amulet of regeneration]

   rC:        It protects you from cold.
   Regen:     It increases your rate of health regeneration.
 U - the ring "Fungolen" (on tentacle) {rElec rCorr Str+3 Dex+2}
   (You found it in a Gauntlet)

   [ring of resist corrosion]

   Str:       It affects your strength (+3).
   Dex:       It affects your dexterity (+2).
   rElec:     It insulates you from electricity.
   rCorr:     It protects you from acid and corrosion.
 W - the ring "Kisiusum" (on tentacle) {Will+ Int+2 Dex+6 Slay+3}
   (You found it in a Gauntlet)

   [ring of dexterity]

   Int:       It affects your intelligence (+2).
   Dex:       It affects your dexterity (+6).
   Slay:      It affects your accuracy & damage with ranged weapons and melee
   (+3).
   Will:      It increases your willpower.
Wands
 b - a wand of iceblast (30)
 j - a wand of paralysis (9)
 r - a wand of charming (12)
 L - a wand of acid (9)
 Q - a wand of flame (16)
 T - a wand of digging (10)
Scrolls
 d - 2 scrolls of enchant weapon
 h - 3 scrolls of fear
 i - a scroll of brand weapon
 k - 10 scrolls of teleportation
 o - 3 scrolls of fog
 v - a scroll of blinking
 y - 6 scrolls of identify
 z - 3 scrolls of amnesia
 C - 3 scrolls of enchant armour
 I - a scroll of silence
 V - 4 scrolls of magic mapping
 Z - 4 scrolls of immolation
Potions
 a - a potion of cancellation
 p - 2 potions of berserk rage
 q - 9 potions of curing
 w - a potion of resistance
 x - 3 potions of flight
 A - 6 potions of heal wounds
 D - a potion of brilliance
 E - 5 potions of haste
 G - a potion of might
 O - 2 potions of invisibility
 R - 3 potions of mutation
Miscellaneous
 M - a tin of tremorstones (2/2)
 Y - a box of beasts


   Skills:
 + Level 10.2 Fighting
 - Level 14.0 Short Blades
 - Level 15.0 Throwing
 - Level 15.0 Dodging
 - Level 10.0 Stealth
 - Level 4.0 Shields
 - Level 10.0 Evocations


You had 12 spell levels left.
You knew the following spells:

 Your Spells              Type           Power      Damage    Failure   Level
a - Lesser Beckoning      Tloc           0%         N/A       45%         3

Your spell library contained the following spells:

 Spells                   Type           Power      Damage    Failure   Level
 Animate Skeleton         Necr           0%         N/A       17%         1
 Apportation              Tloc           0%         N/A       17%         1
 Corona                   Hex            0%         N/A       17%         1
 Magic Dart               Conj           0%         1d3       17%         1
 Pain                     Necr           0%         1d4       17%         1
 Summon Small Mammal      Summ           0%         N/A       17%         1
 Blink                    Tloc           N/A        N/A       26%         2
 Call Imp                 Summ           0%         N/A       26%         2
 Corpse Rot               Necr/Air       N/A        N/A       26%         2
 Poisonous Vapours        Pois/Air       0%         N/A       26%         2
 Mephitic Cloud           Conj/Pois/Air  0%         N/A       45%         3
 Ozocubu's Armour         Ice            0%         N/A       45%         3
 Vampiric Draining        Necr           0%         2d6       45%         3
 Cause Fear               Hex            0%         N/A       86%         4
 Passage of Golubria      Tloc           N/A        N/A       86%         4
 Petrify                  Tmut/Erth      0%         N/A       86%         4
 Alistair's Intoxication  Tmut/Pois      0%         N/A       99%         5
 Borgnjor's Vile Clutch   Necr/Erth      0%         N/A       99%         5
 Freezing Cloud           Conj/Ice/Air   0%         6-21      99%         5
 Iskenderun's Battlesphe  Conj           0%         2d6       99%         5
 Manifold Assault         Tloc           0%         N/A       99%         5
 Metabolic Englaciation   Hex/Ice        0%         N/A       99%         5
 Silence                  Hex/Air        0%         N/A       99%         5
 Eringya's Noxious Bog    Tmut/Pois      0%         N/A       100%        6
 Iron Shot                Conj/Erth      0%         9d1       100%        6
 Simulacrum               Ice/Necr       0%         N/A       100%        6
 Statue Form              Tmut/Erth      0%         N/A       100%        6
 Dragon Form              Tmut           0%         N/A       100%        7
 Spellforged Servitor     Conj/Summ      0%         N/A       100%        7
 Lehudib's Crystal Spear  Conj/Erth      0%         10d2      100%        8
 Dragon's Call            Summ           0%         N/A       100%        9


Dungeon Overview and Level Annotations

Branches:
Dungeon (15/15)            Temple (1/1) D:4            Lair (6/6) D:9
 Shoals (0/4) Lair:4       Spider (2/4) Lair:4          Orc (2/2) D:12
    Elf (0/3) Orc:2        Vaults (0/5) D:13         Depths (0/5) D:15
  IceCv (1/1)             Gauntlet (visited)
  Slime: Lair:5-6

Altars:
Ashenzari
Cheibriados
Dithmenos
Elyvilon
Fedhas
Gozag
Hepliaklqana
Kikubaaqudgha
Makhleb
Nemelex Xobeh
Okawaru
Qazlal
Ru
Sif Muna
Trog
Uskayaw
Vehumet
Wu Jian
Xom
Yredelemnul
Zin
The Shining One
Lugonu

Shops:
D:3 (   D:7 *   D:9 :   D:12 !   Orc:2 :=?[*??   Lair:2 :

Portals:
Abyss: Lair:6


Innate Abilities, Weirdness & Mutations

You cannot wear most types of armour.
You are amphibious.
You can wear up to eight rings at the same time.
Your skin changes colour to match your surroundings (Stealth+).
Your rubbery body absorbs attacks. (AC +1, EV +1)
((You are camouflaged near water. (Stealth+)))
You have tentacles for arms and can constrict up to eight enemies at once.


Message History

The ice dragon is lightly wounded.
The ice dragon barely misses you. The ice dragon completely misses you.
The ice dragon tramples you!
You stumble backwards!
You puncture the ice dragon! You squeeze the ice dragon.
The ice dragon is moderately wounded.
You puncture the ice dragon!
The ice dragon is heavily wounded.
The ice dragon is distracted by your dazzling golden aura.
You strike the helpless ice dragon from behind!
You skewer the ice dragon like a kebab!!!
You kill the ice dragon!
A storm dragon simulacrum comes into view.
The golden dragon simulacrum is distracted by your dazzling golden aura.
You see here 26 gold pieces.
You hit the golden dragon simulacrum.
The golden dragon simulacrum is no longer distracted by gold.
Your squeeze misses the golden dragon simulacrum.
The golden dragon simulacrum is lightly damaged.
You barely miss the golden dragon simulacrum.
The golden dragon simulacrum is lightly damaged.
The golden dragon simulacrum barely misses you.
The golden dragon simulacrum closely misses you.
You block the golden dragon simulacrum's attack.
You hit the golden dragon simulacrum.
You squeeze the golden dragon simulacrum, but do no damage.
The golden dragon simulacrum is moderately damaged.
A storm dragon simulacrum comes into view.
You hit the golden dragon simulacrum but do no damage.
The golden dragon simulacrum is moderately damaged.
You puncture the golden dragon simulacrum!
You squeeze the golden dragon simulacrum!
The golden dragon simulacrum is heavily damaged.
The golden dragon simulacrum bites you!!
* * * LOW HITPOINT WARNING * * *
The golden dragon simulacrum freezes you!
You resist.
* * * LOW HITPOINT WARNING * * *
The golden dragon simulacrum claws you!
You die...
Your body crumbles into a pile of gold.

#..# .... ..... ####
..... ##..## ####
...... ##....#####..##
#......
#.......##....##$......
#.∩.∩...$...#.@Z$..Z...
#........$.###.$.......
##....##$.## ###.......
##..###### #...... ####
....Z. ...... .....
.....


You could see 2 storm dragon simulacra and a golden dragon simulacrum.

Vanquished Creatures
  Nikola (Spider:2)
  Rupert (D:12)
  Nessos (Lair:4)
  A minotaur (Gauntlet)
  An ettin (Orc:2)
  The ghost of Wuvuatt the Impaler, a journeyman MiBe of Trog (Lair:2)
  Josephine (D:14)
  4 ice dragons
  Erolcha (D:9)
  A vault guard (D:13)
  Fannar (D:10)
  4 centaur warriors
  Erica (D:9)
  7 hydras
  6 boulder beetles
  4 two-headed ogres
  A catoblepas (Lair:6)
  3 thrashing horrors (Lair:6)
  Nergalle (D:12)
  2 fire crabs (shapeshifter)
  A skeletal warrior (D:15)
  A flayed ghost (D:15)
  A shadow dragon zombie (D:15)
  A deep elf archer (D:12)
  4 deep elf pyromancers
  4 necromancers
  3 orb spiders (Spider:1)
  5 orc knights
  5 oklob plants (Lair:3)
  11 wolf spiders
  A deep elf zephyrmancer (D:12)
  8 ugly things
  3 orc sorcerers
  2 cyclopes
  11 elephants
  4 manticores
  A frost giant zombie (D:15)
  3 merfolk sirens (Lair:4)
  2 black mambas (Lair:4)
  A fire giant skeleton (D:15)
  3 smoke demons (Lair:6)
  A gargoyle (D:12)
  2 unseen horrors
  6 cane toads
  Maggie (D:9)
  2 rime drakes (Lair:6)
  4 komodo dragons
  2 ancient zymes (Lair:6)
  A yaktaur (D:13)
  A freezing wraith (D:14)
  3 golden dragon simulacra (IceCv)
  7 demonic crawlers
  A guardian mummy (D:15)
  An ice devil (Gauntlet)
  A merfolk (Lair:4)
  8 trolls
  12 jumping spiders
  A hornet (Spider:1)
  4 slime creatures
  A wolf spider simulacrum (Gauntlet)
  A deep troll zombie (D:15)
  16 blink frogs
  A tyrant leech (Lair:2)
  14 flying skulls (Gauntlet)
  A centaur simulacrum (Gauntlet)
  Sigmund (D:6)
  15 redbacks
  A ynoxinul (Lair:6)
  2 shadows
  A water elemental (D:14)
  A spriggan (Lair:6)
  4 wraiths
  8 tarantellas
  4 basilisks
  A yak (shapeshifter) (D:15)
  3 wyverns
  16 yaks
  Grum (D:8)
  17 humans (D:13)
  A chaos spawn (Lair:6)
  7 vampire mosquitoes (D:14)
  A redback simulacrum (Gauntlet)
  A steam dragon (Lair:4)
  3 swamp worms (Lair:2)
  2 large abominations (Lair:6)
  9 small abominations (Lair:6)
  2 acid dragons
  A floating eye (Lair:3)
  13 water moccasins
  3 black bears
  A swamp drake (D:12)
  An ice beast (D:8)
  40 orc warriors
  2 sky beasts
  An ice dragon simulacrum (IceCv)
  7 wolves
  23 centaurs
  A necrophage (D:6)
  6 ogres
  A gnoll sergeant (D:9)
  4 scorpions
  11 bullfrogs
  A wyvern skeleton (D:6)
  A water moccasin skeleton (D:6)
  6 killer bees (D:9)
  A lindwurm simulacrum (IceCv)
  11 wights
  5 electric eels
  2 howler monkeys
  4 centaur zombies
  3 hounds
  12 orc priests
  A wyvern simulacrum (Gauntlet)
  2 gnoll shamans
  5 jellies
  5 bullfrog skeletons
  3 centaur skeletons
  25 orc wizards
  Terence (D:3)
  A killer bee zombie (D:6)
  2 howler monkey zombies (D:9)
  15 gnolls
  8 adders
  5 white imps
  An adder skeleton (D:4)
  2 worms
  2 dart slugs
  71 orcs
  4 ball pythons
  4 bats
  21 endoplasms
  3 giant cockroaches
  5 goblins
  7 hobgoblins
  A jackal (D:2)
  A frilled lizard (D:1)
  10 kobolds
  4 rats
  2 butterflies (Lair:3)
683 creatures vanquished.

Vanquished Creatures (collateral kills)
  Frances (D:13)
1 creature vanquished.

Vanquished Creatures (others)
  A demonic crawler (Spider:2)
  A hornet (Spider:2)
  A jumping spider (Spider:2)
  4 redbacks (Spider:2)
  A gnoll (Orc:2)
  An orc (Orc:2)
  18 fungi
  30 plants
57 creatures vanquished.

Grand Total: 741 creatures vanquished

Notes
Turn   | Place    | Note
-------+----------+-------------------------------------------
     0 | D:1      | Delamore the Octopode Brigand began the quest for the Orb.
     0 | D:1      | Reached XP level 1. HP: 14/14 MP: 1/1
   230 | D:1      | Reached XP level 2. HP: 15/19 MP: 2/2
   857 | D:2      | Reached XP level 3. HP: 24/24 MP: 3/3
  1150 | D:2      | Reached XP level 4. HP: 18/29 MP: 4/4
  1654 | D:3      | Found Mofuraipt's Antique Weapon Emporium.
  1725 | D:3      | Found a snail-covered altar of Cheibriados.
  1771 | D:3      | Found a blossoming altar of Fedhas.
  1848 | D:3      | Reached XP level 5. HP: 34/34 MP: 5/5
  2197 | D:3      | Reached skill level 5 in Short Blades
  2201 | D:3      | Reached XP level 6. HP: 26/39 MP: 6/6
  2524 | D:3      | Noticed Terence
  2529 | D:3      | Killed Terence
  2830 | D:4      | Found a burning altar of Makhleb.
  2836 | D:4      | Found a glowing silver altar of Zin.
  2836 | D:4      | Noticed an angel
  2836 | D:4      | Noticed a cacodemon
  2883 | D:4      | Reached XP level 7. HP: 25/45 MP: 7/7
  3062 | D:4      | Found a staircase to the Ecumenical Temple.
  3072 | Temple   | Entered the Ecumenical Temple
  3136 | Temple   | Became a worshipper of Gozag Ym Sagoz the Greedy
  3532 | D:4      | Found a shimmering blue altar of Sif Muna.
  3561 | D:5      | Entered Level 5 of the Dungeon
  3928 | D:5      | Reached skill level 5 in Throwing
  4392 | D:5      | Reached XP level 8. HP: 38/50 MP: 8/8
  4974 | D:6      | Noticed Sigmund
  5666 | D:6      | Killed Sigmund
  5667 | D:6      | Reached skill level 10 in Short Blades
  5667 | D:6      | Reached XP level 9. HP: 54/54 MP: 9/9
  6008 | D:3      | Bought a twisted rapier for 279 gold pieces
  6008 | D:3      | Identified the +6 rapier of Trauma {vorpal, rPois} (You
                  | bought it in a shop on level 3 of the Dungeon)
  6234 | D:7      | Found Ywkey's Assorted Antiques.
  6254 | D:7      | Bought 2 scrolls of identify for 100 gold pieces
  6254 | D:7      | Bought a scroll labelled PEGUANLOGO for 25 gold pieces
  7784 | D:8      | Noticed Grum
  7794 | D:8      | Killed Grum
  7937 | D:8      | Reached XP level 10. HP: 65/65 MP: 10/10
  7975 | D:8      | Reached skill level 1 in Shields
  8112 | D:8      | Reached skill level 5 in Fighting
  8166 | D:8      | Reached skill level 5 in Dodging
  8817 | D:8      | Identified the +10 quarterstaff "Ceur Itz" {elec, rPois
                  | Int+4 Dex+3}
  9526 | D:9      | Noticed Erica
  9533 | D:9      | Killed Erica
  9630 | D:9      | Noticed Erolcha
  9639 | D:9      | Killed Erolcha
 10206 | D:9      | Found a staircase to the Lair.
 10222 | D:9      | Noticed Maggie
 10232 | D:9      | Killed Maggie
 10233 | D:9      | Reached XP level 11. HP: 60/71 MP: 11/11
 11436 | D:10     | Entered Level 10 of the Dungeon
 11894 | D:10     | Found an iron altar of Okawaru.
 11945 | D:10     | You fall into a shaft and drop 2 floors!
 11947 | D:12     | Noticed a six-headed hydra
 11956 | D:12     | Noticed a four-headed hydra
 11961 | D:12     | Killed a four-headed hydra
 11979 | D:12     | Reached skill level 1 in Evocations
 12130 | D:12     | Noticed Rupert
 12301 | D:11     | Found a gate leading to a gauntlet.
 12311 | Gauntlet | Entered a Gauntlet
 12311 | Gauntlet | Found a transporter.
 12318 | Gauntlet | Found a transporter.
 12320 | Gauntlet | Found a transporter.
 12335 | Gauntlet | Found a transporter.
 12337 | Gauntlet | Found a transporter.
 12339 | Gauntlet | Noticed a thrashing horror
 12347 | Gauntlet | Found a transporter.
 12362 | Gauntlet | Found a transporter.
 12370 | Gauntlet | Found a runed translucent door.
 12372 | Gauntlet | Found a transporter.
 12374 | Gauntlet | Found a runed translucent door.
 12381 | Gauntlet | Noticed a green death
 12382 | Gauntlet | Found a transporter.
 12394 | Gauntlet | Found a transporter.
 12394 | Gauntlet | Found a transporter.
 12396 | Gauntlet | Found a transporter.
 12432 | Gauntlet | Found a transporter.
 12487 | Gauntlet | Found a transporter.
 13291 | Gauntlet | Noticed a minotaur
 13313 | Gauntlet | Killed a minotaur
 13314 | Gauntlet | Reached XP level 12. HP: 39/77 MP: 12/12
 13495 | Gauntlet | Identified the ring "Fungolen" {rElec rCorr Str+3 Dex+2}
 13495 | Gauntlet | Identified the ring "Kisiusum" {Will+ Int+2 Dex+6 Slay+3}
 13690 | D:11     | Reached skill level 5 in Evocations
 13829 | D:11     | Noticed a two-headed ogre
 13838 | D:11     | Killed a two-headed ogre
 13961 | D:10     | Noticed Fannar
 13977 | D:10     | Killed Fannar
 14427 | D:10     | Noticed a two-headed ogre
 14431 | D:10     | Killed a two-headed ogre
 14724 | D:11     | Noticed a boulder beetle
 14737 | D:11     | Killed a boulder beetle
 14738 | D:11     | Reached skill level 10 in Stealth
 14895 | D:11     | You fall into a shaft and drop 2 floors!
 15125 | D:13     | Noticed a boulder beetle
 15149 | D:13     | Noticed a boulder beetle
 15158 | D:13     | Noticed Frances
 15186 | D:13     | Killed a boulder beetle
 15381 | D:13     | Noticed a centaur warrior
 15412 | D:13     | Reached skill level 10 in Throwing
 15482 | D:13     | Killed a centaur warrior
 15499 | D:13     | Killed Frances
 15570 | D:12     | Killed Rupert
 15571 | D:12     | Reached XP level 13. HP: 85/85 MP: 13/13
 15939 | D:12     | Noticed Nergalle
 15953 | D:12     | Killed Nergalle
 17072 | D:11     | Found a bloodstained altar of Trog.
 17823 | D:12     | Found a staircase to the Orcish Mines.
 18078 | D:12     | Noticed an ice dragon
 18094 | D:12     | Identified the amulet of Kaenk {Harm Will++ Regen+ Int-3}
 18427 | D:12     | Killed an ice dragon
 18619 | D:12     | Identified the ring "Lickocaz" {rPois rF- rC+ rN++ Str+3}
 18922 | D:12     | Identified the ring of Ehag {*Corrode rPois rC+ Int+6 SInv}
 18931 | D:12     | Identified the amulet "Bamoses" {rC+ Regen+}
 19118 | D:12     | Bought a potion of heal wounds for 70 gold pieces
 19118 | D:12     | Bought a potion of curing for 42 gold pieces
 19118 | D:12     | Bought a potion of curing for 42 gold pieces
 19118 | D:12     | Bought a potion of haste for 140 gold pieces
 19118 | D:12     | Bought a potion of flight for 42 gold pieces
 19479 | D:13     | Reached skill level 10 in Dodging
 19482 | D:13     | Reached skill level 10 in Fighting
 19484 | D:13     | Found a gate to the Vaults.
 19484 | D:13     | Noticed a vault guard
 19593 | D:13     | Killed a vault guard
 19599 | D:13     | Reached XP level 14. HP: 99/99 MP: 14/14
 20210 | Orc:1    | Entered Level 1 of the Orcish Mines
 20679 | Orc:2    | Entered Level 2 of the Orcish Mines
 20679 | Orc:2    | Found a staircase to the Elven Halls.
 20951 | Orc:2    | Found Kekan's Magic Scroll Shop.
 20968 | Orc:2    | Found Oshofimu's Magic Scroll Boutique.
 21079 | Orc:2    | Found Muakhle's Armour Shoppe.
 21079 | Orc:2    | Found Inwun's Magic Scroll Shop.
 21079 | Orc:2    | Found Lymufad's Jewellery Boutique.
 21082 | Orc:2    | Found Juwiom's Assorted Antiques.
 21273 | Orc:2    | Found Pyawn's Book Shop.
 21435 | Orc:2    | Bought a scroll of immolation for 38 gold pieces
 21969 | Orc:2    | Bought a brass wand for 136 gold pieces
 22059 | Orc:2    | Bought a scroll of identify for 34 gold pieces
 22059 | Orc:2    | Bought a scroll of identify for 34 gold pieces
 22059 | Orc:2    | Bought a scroll of identify for 34 gold pieces
 22059 | Orc:2    | Bought a scroll of fear for 59 gold pieces
 22059 | Orc:2    | Bought a scroll of fear for 59 gold pieces
 22072 | Orc:2    | Bought the +2 hat "Licalea" {Str+2} for 403 gold pieces
 22085 | Orc:2    | Bought a scroll of identify for 68 gold pieces
 22363 | Lair:1   | Entered Level 1 of the Lair of Beasts
 23228 | Lair:2   | Found a runed translucent door.
 23229 | Lair:2   | Noticed Wuvuatt's ghost (journeyman MiBe)
 23241 | Lair:2   | Killed Wuvuatt's ghost
 24881 | Lair:3   | Found a blossoming altar of Fedhas.
 25346 | Lair:4   | Noticed Nessos
 25363 | Lair:4   | Killed Nessos
 25444 | Lair:4   | Reached XP level 15. HP: 90/103 MP: 15/15
 25643 | Lair:4   | Found a hole to the Spider Nest.
 25914 | Lair:4   | Found a staircase to the Shoals.
 26332 | Lair:5   | You fall into a shaft and drop 1 floor!
 26332 | Lair:6   | Entered Level 6 of the Lair of Beasts
 26815 | Lair:6   | Reached skill level 10 in Evocations
 26825 | Lair:6   | Found a corrupted altar of Lugonu.
 26825 | Lair:6   | Found a one-way gate to the infinite horrors of the Abyss.
 28297 | D:9      | Bought a manual of Throwing for 1120 gold pieces
 28632 | D:14     | Noticed Josephine
 28647 | D:14     | Killed Josephine
 28865 | D:14     | Identified a scroll of acquirement
 28866 | D:14     | Acquired the ring of Cimuo {rElec EV+4 Str+3 Stlth+}
 29027 | D:15     | Entered Level 15 of the Dungeon
 29038 | D:15     | Found a staircase to the Depths.
 29197 | D:15     | Found an ornate altar of the Wu Jian Council.
 29829 | D:15     | Learned a level 3 spell: Lesser Beckoning
 30038 | Spider:1 | Entered Level 1 of the Spider Nest
 30042 | Spider:1 | Reached XP level 16. HP: 109/109 MP: 16/16
 30368 | Spider:1 | Reached skill level 15 in Throwing
 31239 | Spider:2 | Noticed Nikola
 31402 | Spider:2 | Killed Nikola
 31465 | Spider:2 | Found a frozen archway.
 31471 | IceCv    | Entered an ice cave
 31484 | IceCv    | Reached skill level 15 in Dodging
 31570 | IceCv    | Slain by a golden dragon simulacrum

Illustrated notes

Levels and vault maps discovered:
D:1:      onia_arrival_pyramid, layout_basic
D:2:      layout_loops_ring, minmay_pentomino_o2
D:3:      layout_loops_ring, mainiacjoe_overflow_boulevard,
          lemuel_crystal_altar, serial_shops, nicolae_shop_overgrown_old_shop,
          uniq_terence
D:4:      layout_rooms, grunt_temple_overflow_order_and_chaos_2,
          lemuel_blue_sif_altar, minmay_temple_entry_junction
D:5:      layout_basic, kennysheep_small_square
D:6:      layout_basic, kennysheep_boxes, uniq_sigmund
D:7:      layout_gridville, serial_shops, kennysheep_little_box, minivault_22
D:8:      layout_basic, chequers_jeans, uniq_grum
D:9:      layout_long_grid, lair_entry_dummy, uniq_maggie, uniq_erica,
          uniq_erolcha
D:10:     layout_irregular_city, kennysheep_okawaru_gauntlet, uniq_fannar
D:11:     lemuel_slime, layout_layer_cave, gauntlet_entry_generic,
          david_defended_altar_orc
D:12:     minmay_the_grid_triangle_9x9_rhombus_thin_mashed
          [minmay_the_grid_triangle_9x9_longest,
          minmay_the_grid_triangle_9x9_prize_special,
          minmay_the_grid_triangle_9x9_swiss_cheese,
          minmay_the_grid_triangle_9x9_sprig], layout_gridville, erik_orc_1,
          nicolae_zen_rock_garden, drop_trap, uniq_rupert, uniq_nergalle
D:13:     layout_loops_cross, grunt_vaults_entry_tiered, uniq_frances
D:14:     layout_rooms, fountainhead, chequers_garden, drop_trap, uniq_josephine
D:15:     gammafunk_depths_entry_grave, layout_basic, nzn_wu_jian_council_hall
Temple:   nicolae_temple_x_marks_the_god
Lair:1:   layout_hall_layers
Lair:2:   layout_concentric_octagons, gammafunk_ghost_grave, worms_lemuel,
          lemuel_fruit_tree, grunt_megastairs_2, serial_bayou_shore_a
Lair:3:   layout_small_grid, hangedman_tree_tricks, disabler_island,
          lemuel_fruit_fields, serial_bayou_shore_b, lemuel_fruit_fields
Lair:4:   layout_hall_layers, elwin_shoals_entry_stream,
          spider_nest_entry_web_field, uniq_nessos
Lair:5:   layout_roguey [special_room_mythical_zoo], slime_altar_1,
          lemuel_fruit_fields, minmay_lair_oklob_chamber, uniq_urug
Lair:6:   hellmonk_lair_end_abyssal_woods, layout_cave_pods, serial_forest,
          infiniplex_forest_straight_2, infiniplex_forest_corner_1,
          infiniplex_forest_clump_curved, infiniplex_forest_fountain,
          infiniplex_forest_clump_curved, infiniplex_forest_lined_corner,
          infiniplex_forest_straight_4, chequers_serial_rivers_micro_c
Spider:1: layout_spider_delve, nicolae_spider_eight_legs
Spider:2: layout_spider_delve, portal_ice_cave_entry_dragon, uniq_nikola,
          uniq_arachne
Orc:1:    layout_diamond_mine
Orc:2:    st_orc_rangers, layout_caves, serial_shops, shop, shop,
          nicolae_shop_trees
IceCv:    ice_cave_small_dragons

Skill      XL: |  1  2  3  4  5  6  7  8  9 10 11 12 13 14 15 16 |
---------------+-------------------------------------------------+-----
Short Blades   | 3 4 5 6 7 10 12 14 | 14.0
Throwing       | 3 4 5 6 7 10 11 14 15 | 15.0
Dodging        | 4 5 6 10 11 13 15 | 15.0
Fighting       | 4 5 6 10 | 10.2
Shields        | 4 |  4.0
Evocations     | 4 5 8 10 | 10.0
Stealth        | 8 10 | 10.0

Action                   |  1- 3 |  4- 6 |  7- 9 | 10-12 | 13-15 | 16-18 || total
-------------------------+-------+-------+-------+-------+-------+-------++-------
Melee: Dagger            |     6 |       |       |       |       |       ||     6
       Short sword       |    30 |    53 |    74 |       |       |       ||   157
       Constrict         |     7 |    14 |    22 |    37 |   129 |    32 ||   241
       Tentacles         |     1 |     8 |    28 |    67 |   300 |    73 ||   477
       Rapier            |       |       |    52 |   290 |   826 |   207 ||  1375
Throw: Dart              |     5 |     6 |     8 |    31 |     3 |       ||    53
       Boomerang         |       |    47 |    49 |    46 |    26 |       ||   168
       Stone             |       |    11 |    29 |    28 |    52 |     4 ||   124
       Javelin           |       |       |       |     3 |     2 |       ||     5
       Throwing net      |       |       |       |       |     3 |       ||     3
Invok: Call Merchant     |       |       |       |     1 |     2 |       ||     3
       Potion Petition   |       |       |       |     1 |       |       ||     1
Evoke: Wand              |       |       |       |    14 |    10 |       ||    24
       Box of beasts     |       |       |       |     1 |     1 |       ||     2
  Use: Scroll            |       |     5 |     5 |     8 |    13 |     1 ||    32
       Potion            |       |     1 |       |     7 |     3 |       ||    11
 Stab: Sleeping          |    18 |     2 |     6 |    12 |    43 |     8 ||    89
       Distracted        |       |       |     1 |     4 |    22 |     4 ||    31
       Invisible         |       |       |       |     5 |       |       ||     5
       Fleeing           |       |       |       |       |     1 |       ||     1
       Paralysed         |       |       |       |       |     1 |       ||     1
       Held in net/web   |       |       |       |       |       |     2 ||     2
Armor: Skin              |     3 |       |    10 |    28 |    44 |    22 ||   107
Dodge: Dodged            |     6 |    20 |    70 |   136 |   421 |   254 ||   907
Block: Buckler           |       |       |       |    49 |   156 |    49 ||   254
